 Dungeon Crawl Stone Soup version 0.27-a0-492-ga4bb394fd4 (webtiles) character file.

Game seed: 14983644744459833313

2116 Nattfarinn the Transmogrifier (level 9, -6/55 HPs)
             Began as an Octopode Transmuter on Mar 2, 2021.
             Was an Initiate of Cheibriados.
             Mangled by an iguana (7 damage)
             ... on level 7 of the Dungeon.
             The game lasted 00:12:28 (8978 turns).

Nattfarinn the Transmogrifier (Octopode Transmuter) Turns: 8978, Time: 00:12:29

Health: -6/55      AC:  1    Str: 10      XL:     9   Next: 29%
Magic:  4/12       EV: 14    Int: 20      God:    Cheibriados [......]
Gold:   302        SH:  0    Dex: 12 (13) Spells: 3/12 levels left

rFire    . . .     SeeInvis .     - Unarmed
rCold    . . .     Faith    .   (shield currently unavailable)
rNeg     . . .     Spirit   .   (helmet restricted)
rPois    .         Reflect  .   (no amulet)
rElec    .         Harm     .   (no ring)
rCorr    .         Rampage  .   (no ring)
Will     .....                  (no ring)
Stlth    ++........             (no ring)
HPRegen  0.18/turn              (no ring)
MPRegen  0.13/turn              (no ring)
                                (no ring)
                                (no ring)

@: blade tentacles, very slow
A: almost no armour, stealthy swim, amphibious, 8 rings, constrict 8, camouflage
1, gelatinous body 1
a: End Transformation, Renounce Religion, Bend Time


You were on level 7 of the Dungeon.
You worshipped Cheibriados.
Cheibriados was noncommittal.
You had blades for tentacles.
You visited 2 branches of the dungeon, and saw 8 of its levels.

You collected 302 gold pieces.

Inventory:

Missiles
 a - 2 silver javelins (quivered)
Wands
 l - a wand of acid (2)
 n - a wand of iceblast (12)
Scrolls
 b - 5 scrolls of teleportation
 c - a scroll of magic mapping {unknown}
 g - a scroll of noise
 i - a scroll of blinking
 k - a scroll of random uselessness {unknown}
Potions
 d - a potion of degeneration {unknown}
 e - 4 potions of curing
 f - a potion of mutation {unknown}
 h - 2 potions of heal wounds
 j - 2 potions of ambrosia
 m - a potion of attraction {unknown}
 o - 3 potions of lignification {unknown}
 p - a potion of resistance {unknown}


   Skills:
 - Level 2.8 Fighting
 - Level 3.4 Dodging
 - Level 5.1 Unarmed Combat
 - Level 2.0 Spellcasting
 + Level 10.6 Transmutations


You had 3 spell levels left.
You knew the following spells:

 Your Spells              Type           Power        Failure   Level
a - Beastly Appendage     Tmut           88%          9%          1
b - Spider Form           Tmut/Pois      11%          34%         3
c - Blade Hands           Tmut           22%          34%         5

Your spell library contained the following spells:

 Spells                   Type           Power        Failure   Level
 Wereblood                Tmut           44%          10%         2
 Foxfire                  Conj/Fire      8%           56%         1
 Ice Form                 Ice/Tmut       23%          61%         4
 Cause Fear               Hex            1%           98%         4
 Dragon Form              Tmut           22%          99%         7
 Dragon's Call            Summ           1%           100%        9


Dungeon Overview and Level Annotations

Branches:
Dungeon (7/15)             Temple (1/1) D:6

Altars:
Ashenzari
Cheibriados
Dithmenos
Elyvilon
Fedhas
Gozag
Hepliaklqana
Kikubaaqudgha
Nemelex Xobeh
Okawaru
Qazlal
Ru
Sif Muna
Trog
Uskayaw
Vehumet
Wu Jian
Xom
Yredelemnul
Zin
The Shining One

Annotations:
D:4 2 runed translucent doors, Crazy Yiuf; glosham's ghost, weakling KoAM
D:5 2 runed translucent doors
D:6 3 runed translucent doors, hemabe71's ghost, novice HuAr


Innate Abilities, Weirdness & Mutations

You cannot wear most types of armour.
You are very stealthy in the water. (Stealth+)
You are amphibious.
You can wear up to eight rings at the same time.
You can use your tentacles to constrict eight enemies at once.
Your skin changes colour to match your surroundings (Stealth+).
Your rubbery body absorbs attacks. (AC +1, EV +1)


Message History

You barely miss the adder skeleton. You grab the adder skeleton.
Your tentacles revert to their normal proportions.
You constrict the adder skeleton.
The orc hits you with a +0 trident of flaming!
The orc burns you. The adder skeleton closely misses you.
You are too injured to fight recklessly!
You are too injured to fight recklessly!
You are too injured to fight recklessly!
Unknown command.
You closely miss the orc. You grab the orc.
You constrict the orc, but do no damage.
You constrict the adder skeleton. The adder skeleton bites you.
The orc hits you with a +0 trident of flaming.
The orc burns you.
You tentacle-slap the orc but do no damage.
You constrict the orc. You constrict the adder skeleton.
The adder skeleton barely misses you. The orc closely misses you.
You tentacle-slap the orc.
The orc is severely wounded.
You constrict the orc.
You kill the orc!
Cheibriados appreciates the change of pace.
You constrict the adder skeleton. The iguana bites you!
* * * LOW HITPOINT WARNING * * *
The adder skeleton bites you but does no damage.
Casting: Blade Hands (dangerous; 5% risk of failure)
Confirm with . or Enter, or press ? or * to list all spells.
Your tentacles turn into razor-sharp scythe blades.
You constrict the adder skeleton. The iguana bites you.
* * * LOW HITPOINT WARNING * * *
The adder skeleton barely misses you.
You hit the adder skeleton.
You destroy the adder skeleton!
Cheibriados appreciates the change of pace.
The iguana bites you!
* * * LOW HITPOINT WARNING * * *
You slash the iguana! Your grab misses the iguana.
The iguana is severely wounded.
The iguana bites you!
You die...

...... .# .#+ )....
#.#.... .... . ..#....
... .. ##........ ..#
#...
.#.......#######.##.....
.+.....(.......l))......
.#..............@)..##.
................###....#
.####...........###....#
.'.)....................
.##....................
###)...................
###....................
.......................
#####..................


You could see an iguana.

Vanquished Creatures
  2 ice beasts (D:5)
  A sky beast (D:5)
  5 ogres
  A centaur (D:5)
  A phantom (D:7)
  2 bullfrogs (D:6)
  2 scorpions
  5 wights (D:6)
  2 quasits (D:7)
  2 bullfrog skeletons
  2 bullfrog zombies
  A jelly (D:6)
  2 orc priests
  3 hounds
  Ijyb (D:4)
  Natasha (thrice) (D:4)
  4 worker ants
  An orc wizard (D:7)
  11 adders
  4 white imps
  2 ufetubi (D:5)
  An ooze (D:2)
  4 adder skeletons
  2 worms (D:2)
  2 dart slugs (D:1)
  10 leopard geckos
  9 orcs
  A ball python (D:3)
  7 bats (D:2)
  8 giant cockroaches
  10 goblins
  4 hobgoblins
  13 jackals
  4 kobolds
  2 quokkas (D:3)
  2 frilled lizards
  2 jackal skeletons (D:4)
  6 rats
144 creatures vanquished.

Notes
Turn   | Place    | Note
-------+----------+-------------------------------------------
     0 | D:1      | Nattfarinn the Octopode Transmuter began the quest for the
                  | Orb.
     0 | D:1      | Reached XP level 1. HP: 13/13 MP: 3/3
    79 | D:1      | Reached XP level 2. HP: 2/18 MP: 5/5
   544 | D:1      | Reached XP level 3. HP: 20/23 MP: 6/6
  1379 | D:2      | Reached XP level 4. HP: 29/29 MP: 7/7
  2378 | D:3      | Reached XP level 5. HP: 10/34 MP: 8/8
  3563 | D:4      | Noticed Natasha
  3571 | D:4      | Killed Natasha
  3572 | D:4      | Reached skill level 5 in Unarmed Combat
  3572 | D:4      | Reached XP level 6. HP: 41/41 MP: 9/9
  3584 | D:4      | Learned a level 3 spell: Spider Form
  3676 | D:4      | Found a runed translucent door.
  3683 | D:4      | Noticed glosham's ghost (weakling KoAM)
  3887 | D:4      | Noticed Natasha
  3904 | D:4      | Killed Natasha
  3946 | D:4      | Noticed Natasha
  3956 | D:4      | Killed Natasha
  4099 | D:4      | Reached skill level 3 in Transmutations
  4167 | D:4      | Noticed Ijyb
  4177 | D:4      | Killed Ijyb
  4565 | D:4      | Found a runed translucent door.
  4566 | D:4      | Noticed Crazy Yiuf
  4780 | D:5      | Entered Level 5 of the Dungeon
  4996 | D:5      | Reached skill level 4 in Transmutations
  4996 | D:5      | Reached XP level 7. HP: 27/45 MP: 1/10
  5327 | D:5      | Found a blossoming altar of Fedhas.
  5346 | D:5      | Reached skill level 5 in Transmutations
  5775 | D:5      | Found a runed translucent door.
  5780 | D:5      | Noticed a soldier ant
  5798 | D:5      | Reached skill level 6 in Transmutations
  5954 | D:5      | Learned a level 5 spell: Blade Hands
  5959 | D:5      | Found a runed translucent door.
  6074 | D:5      | Reached skill level 7 in Transmutations
  6074 | D:5      | Reached XP level 8. HP: 30/51 MP: 5/11
  6793 | D:5      | Found a shadowy altar of Dithmenos.
  6796 | D:5      | Found a sparkling altar of Nemelex Xobeh.
  6801 | D:5      | Found a white marble altar of Elyvilon.
  6890 | D:6      | Found a glowing golden altar of the Shining One.
  6909 | D:6      | Reached skill level 8 in Transmutations
  7308 | D:6      | Noticed hemabe71's ghost (novice HuAr)
  7336 | D:6      | Found a runed translucent gate.
  7336 | D:6      | Found a runed translucent gate.
  7336 | D:6      | Found a runed translucent gate.
  7568 | D:6      | Reached skill level 9 in Transmutations
  7995 | D:6      | Found a staircase to the Ecumenical Temple.
  8004 | Temple   | Entered the Ecumenical Temple
  8019 | Temple   | Became a worshipper of Cheibriados the Contemplative
  8178 | D:6      | Found a sparkling altar of Nemelex Xobeh.
  8188 | D:6      | Reached XP level 9. HP: 55/55 MP: 1/12
  8431 | D:7      | Identified the +2 kite shield of Sif Muna's Supremacy {Harm
                  | rElec Regen+}
  8498 | D:7      | Reached skill level 10 in Transmutations
  8977 | D:7      | HP: 1/55 [iguana (8)]
  8978 | D:7      | Mangled by an iguana

Illustrated notes

Levels and vault maps discovered:
D:1:      minmay_arrival_cross, layout_rooms
D:2:      layout_loops_ring, minmay_indecisive_spiral
D:3:      layout_loops_ring
D:4:      layout_basic, ebering_ghost_reflecting_pool, uniq_crazy_yiuf_cottage,
          uniq_natasha, uniq_ijyb
D:5:      lemuel_insect_pit, layout_loops_ring, grunt_temple_overflow_diamond,
          fedhas_bush_and_centaur_altar
D:6:      layout_loops_ring, general_overflow_altar,
          minmay_temple_entry_antechambers, gammafunk_ghost_icy, basic_altar
D:7:      layout_basic
Temple:   nicolae_temple_x_marks_the_god

Skill      XL: |  1  2  3  4  5  6  7  8  9 |
---------------+----------------------------+-----
Unarmed Combat | 4 5 |  5.1
Fighting       | 2 |  2.8
Dodging        | 3 |  3.4
Transmutations | 4 7 9 10 | 10.6
Spellcasting   | |  2.0

Action                   |  1- 3 |  4- 6 |  7- 9 || total
-------------------------+-------+-------+-------++-------
Melee: Unarmed           |    79 |   189 |   168 ||   436
       Constrict         |    22 |    40 |    25 ||    87
       Tentacles         |    15 |    23 |    24 ||    62
       Punch             |     1 |     6 |     3 ||    10
 Cast: Spider Form       |       |     4 |     4 ||     8
       Blade Hands       |       |       |    18 ||    18
Evoke: Wand              |       |       |     1 ||     1
  Use: Scroll            |       |     5 |       ||     5
       Potion            |       |     1 |       ||     1
 Stab: Sleeping          |    10 |    11 |     3 ||    24
Armor: Skin              |    10 |     7 |     5 ||    22
Dodge: Dodged            |    52 |   108 |   116 ||   276

Table legend: (Time is in decaauts)
 A = Elapsed time spent in this place.
 B = Non-inter-level travel time spent in this place.
 C = Inter-level travel time spent in this place.
 D = Time resting spent in this place.
 E = Time spent auto-exploring this place.
 F = Levels seen in this place.
 G = Mean time per level.
                   A        B        C        D        E       F      G
               +--------+--------+--------+--------+--------+-----+--------+
         Total |   9085 |   8812 |    273 |   2337 |   5525 |   8 | 1135.6 |
       Dungeon |   9004 |   8751 |    253 |   2337 |   5465 |   7 | 1286.3 |
        Temple |     81 |     61 |     20 |      0 |     59 |   1 |   81.0 |
               +--------+--------+--------+--------+--------+-----+--------+

Top non-repeatable levels by time:
     D:5: 2088 daAuts
     D:6: 1546 daAuts
     D:3: 1374 daAuts
     D:2: 1257 daAuts
     D:4: 1212 daAuts
     D:1: 914 daAuts
     D:7: 608 daAuts
  Temple: 81 daAuts
